 Dungeon Crawl Stone Soup version 0.24.0 (webtiles) character file.

Game seed: 12021256550956701697, levelgen mode: deterministic

140 Buxparty the Sneak (level 5, -2/24 HPs)
             Began as a Spriggan Enchanter on Jan 26, 2020.
             Killed from afar by an orc wizard (12 damage)
             ... with a puff of flame
             ... on level 3 of the Dungeon.
             The game lasted 00:11:01 (3090 turns).

Buxparty the Sneak (Spriggan Enchanter)             Turns: 3090, Time: 00:11:10

Health: -2/24      AC:  2    Str:  4    XL:     5   Next: 2%
Magic:  12/12      EV: 18    Int: 17    God:
Gold:   93         SH:  0    Dex: 17    Spells: 6/12 levels left

rFire    . . .     SeeInvis +   a - +1 dagger
rCold    . . .     Gourm    .   (shield restricted)
rNeg     . . .     Faith    .   b - +0 robe
rPois    .         Spirit   .   (helmet restricted)
rElec    .         Reflect  .   (no cloak)
rCorr    .         Harm     .   (gloves unavailable)
MR       .....                  (boots unavailable)
Stlth    +++.......             (no amulet)
HPRegen  0.08/turn              (no ring)
MPRegen  0.13/turn              (no ring)

@: very quick
A: very small, unfitting armour, see invisible, herbivore, speed 3, slow
metabolism 2
a: no special abilities


You were on level 3 of the Dungeon.
You were completely stuffed.

You visited 1 branch of the dungeon, and saw 3 of its levels.

You collected 93 gold pieces.

Inventory:

Hand Weapons
 a - a +1 dagger (weapon)
 h - a +1 hunting sling
Missiles
 m - 27 sling bullets
Armour
 b - a +0 robe (worn)
Jewellery
 c - a cursed amulet of magic regeneration {unknown}
Scrolls
 f - a scroll of blinking
 g - 3 scrolls of teleportation
 i - 2 scrolls of identify
 l - a scroll of fear {unknown}
Potions
 e - a potion of agility {unknown}
 j - a potion of heal wounds {unknown}
 k - a potion of ambrosia {unknown}
 n - 2 potions of curing
 o - a potion of flight {unknown}
Comestibles
 d - 3 rations


   Skills:
 - Level 1.1 Short Blades
 + Level 2.4 Slings
 - Level 3.0 Dodging
 + Level 5.8 Stealth
 + Level 4.0 Spellcasting
 + Level 4.7 Hexes


You had 6 spell levels left.
You knew the following spells:

 Your Spells              Type           Power        Failure   Level  Hunger
a - Corona                Hex            ###....      2%          1    None
b - Ensorcelled Hibernat  Hex/Ice        ##....       9%          2    ##.....
c - Confuse               Hex            ###.....     7%          3    ###....

Your spell library contained the following spells:

 Spells                   Type           Power        Failure   Level  Hunger
 Tukima's Dance           Hex            ###.....     7%          3    ###....
 Dazzling Spray           Conj/Hex       ##....       19%         3    ###....


Dungeon Overview and Level Annotations

Branches:
Dungeon (3/15)

Altars:
Hepliaklqana
Qazlal


Innate Abilities, Weirdness & Mutations

You are very small and have problems with some larger weapons.
You are too small for most types of armour.
You have supernaturally acute eyesight. (SInv)
You are a herbivore.
You cover ground extremely quickly.
You need to consume almost no food.


Message History

An orc priest comes into view.
It is wielding a +1 hand axe of freezing.
You see here 5 boomerangs.
The orc shouts!
The orc priest shouts!
The orc priest invokes the aid of Beogh against you.
Pain shoots through your body!
The orc wizard casts a spell.
The orc wizard flickers and vanishes for a moment.
The orc wizard gestures wildly while chanting.
The orc wizard seems to speed up.
The orc wizard begins to cast a cantrip, but forgets the words!
The orc wizard looks encouraged for a moment.
There is a stone staircase leading up here.
The giant cockroach misses you.
The orc priest calls down the wrath of Beogh upon you.
Beogh smites you!
Ouch! That really hurt!
The orc wizard casts a spell at you. The puff of flame hits you!
Ouch! That really hurt!
You die...

....≈≈....#=..#######......##..##
≈≈....≈...#.........#......##..##
.†≈≈..≈...#.........#.......#..##
..w.≈≈....#.........#.....#.#..##
≈≈⌠.......#†..............+....##
.⌠≈≈......#...............##.#.##
....≈.....#..............)##.#.##
≈≈..≈%....#....)..........##.....
..≈≈............@s........###..##
.......^.##......o.o.###### #....
≈........##......oo..# #....
≈≈≈≈≈###.##)........#########.>..
#........?........##...
#.................##...
#########........(##...
#..(......##... #o........####.


You could see an orc priest, an orc wizard (invisible), 2 orcs and a giant
cockroach.

Vanquished Creatures
  7 adders
  An ooze (D:1)
  An adder skeleton (D:3)
  2 worms (D:2)
  3 dart slugs
  3 leopard geckos
  An orc (D:3)
  4 giant cockroaches
  3 goblins
  7 hobgoblins
  3 jackals (D:2)
  5 kobolds
  3 quokkas
  2 ball pythons (D:2)
  5 bats
  2 frilled lizards (D:3)
  3 rats
55 creatures vanquished.

Vanquished Creatures (others)
  A plant (D:2)
1 creature vanquished.

Grand Total: 56 creatures vanquished

Notes
Turn   | Place    | Note
-------+----------+-------------------------------------------
     0 | D:1      | Buxparty the Spriggan Enchanter began the quest for the
                  | Orb.
     0 | D:1      | Reached XP level 1. HP: 9/9 MP: 5/5
   437 | D:1      | Reached XP level 2. HP: 11/13 MP: 7/7
   441 | D:1      | Learned a level 2 spell: Ensorcelled Hibernation
   745 | D:2      | Reached skill level 1 in Slings
   826 | D:1      | Reached skill level 5 in Stealth
   922 | D:1      | Reached XP level 3. HP: 15/16 MP: 5/8
  1013 | D:2      | Found a stormy altar of Qazlal.
  1798 | D:2      | Reached XP level 4. HP: 20/21 MP: 10/10
  2331 | D:3      | Found a faded altar of an unknown god.
  2422 | D:3      | Found a hazy altar of Hepliaklqana.
  2641 | D:3      | Learned a level 3 spell: Confuse
  3004 | D:3      | Reached XP level 5. HP: 19/24 MP: 10/12
  3090 | D:3      | Killed from afar by an orc wizard

Levels and vault maps discovered:
D:1:      lightli_arrival_noodles, layout_loops_cross,
          chequers_serial_rivers_small_a
D:2:      layout_rooms, lemuel_round_altar, serial_forest,
          infiniplex_forest_corner_2, infiniplex_forest_3_way,
          infiniplex_forest_lined_corner, infiniplex_forest_straight_5,
          infiniplex_forest_lined_3_way, infiniplex_forest_corner_1,
          minmay_stone_trees_large
D:3:      cheibrodos_helix_gallery, layout_basic, lemuel_doored_altar,
          chequers_ecumenical_altar_simple_redux
